[Event "Titled Tuesday Blitz February 22 Early 2022"]
[White "Wagner, Dennis"]
[Black "Tologon tegin, Semetei"]
[WhiteFideId "24650684"]
[BlackFideId "13800574"]
[WhiteElo "2355"]
[BlackElo "2258"]
[Result "1-0"]
[Round "07"]
[TimeControl "180+1"]
[Date "2022.02.22"]
[WhiteClock "0:00:03"]
[BlackClock "0:00:02"]

1. Nf3 d5 2. g3 Nf6 3. Bg2 e6 4. O-O Be7 5. d3 O-O 6. Nbd2 b6 7. e4 dxe4 8. dxe4 Bb7 9. e5 Nfd7 10. Qe2 c5 11. Ne4 Nc6 12. Bf4 Qc7 13. Nd6 Rad8 14. Nxb7 Qxb7 15. h4 Qc7 16. Rfe1 Nd4 17. Nxd4 cxd4 18. h5 Rc8 19. Rac1 Rfd8 20. h6 g6 21. c3 d3 22. Qxd3 Nc5 23. Qe3 Nd3 24. Be4 Bc5 25. Qxd3 Rxd3 26. Bxd3 Qe7 27. b4 g5 28. Ba6 Rd8 29. bxc5 gxf4 30. c6 fxg3 31. Red1 gxf2+ 32. Kf1 f6 33. exf6 Qxf6 34. Rd7 Qg5 35. Rcd1 Qg1+ 36. Ke2 Qg4+ 37. Kxf2 1-0


[Site "https://www.chess.com"]

[Event "Titled Tuesday Blitz February 22 Early 2022"]
[White "Warchol, Kamil"]
[Black "Wagner, Dinara"]
[WhiteFideId "21858241"]
[BlackFideId "24157570"]
[WhiteElo "1905"]
[BlackElo "2216"]
[Result "1-0"]
[Round "07"]
[TimeControl "180+1"]
[Date "2022.02.22"]
[WhiteClock "0:00:25"]
[BlackClock "0:00:23"]

1. e4 c5 2. Nf3 d6 3. d4 cxd4 4. Nxd4 Nf6 5. Nc3 a6 6. f4 e5 7. Nf3 exf4 8. Bxf4 Nc6 9. Bc4 Be7 10. O-O O-O 11. Kh1 b5 12. Bb3 Be6 13. Nd5 Bxd5 14. Bxd5 Rc8 15. c3 Qb6 16. Qd3 b4 17. h3 bxc3 18. bxc3 Qc7 19. Rab1 Nh5 20. Bh2 Nf6 21. Qxa6 Nxd5 22. exd5 Nb8 23. Qe2 Bf6 24. c4 Nd7 25. Rfd1 Rfe8 26. Qc2 Nc5 27. Nd4 Ne4 28. Nb5 Qc5 29. Rf1 h5 30. Rbe1 Nf2+ 31. Qxf2 Qxf2 32. Rxe8+ Rxe8 33. Rxf2 Re1+ 34. Bg1 Bg5 35. Rf3 Bd8 36. Kh2 Ra1 37. Ra3 Kh7 38. Bd4 Bg5 39. Bxa1 1-0


[Site "https://www.chess.com"]

[Event "Titled Tuesday Blitz February 22 Early 2022"]
[White "Weetik, Vjacheslav"]
[Black "Moroni, Luca Jr"]
[WhiteFideId "4153472"]
[BlackFideId "865834"]
[WhiteElo "2469"]
[BlackElo "2573"]
[Result "0-1"]
[Round "07"]
[TimeControl "180+1"]
[Date "2022.02.22"]
[WhiteClock "0:00:02"]
[BlackClock "0:00:27"]

1. e4 g6 2. d4 Bg7 3. Nc3 d6 4. Nf3 Nf6 5. Be2 O-O 6. O-O a6 7. a4 Nc6 8. d5 Nb4 9. Be3 e6 10. dxe6 Bxe6 11. a5 Re8 12. Re1 Bd7 13. Nd2 Bc6 14. Bf3 Nd7 15. Nc4 Ne5 16. Nxe5 Bxe5 17. Qd2 Qf6 18. Ne2 Bxb2 19. Qxb4 Bxa1 20. c3 d5 21. Nd4 dxe4 22. Be2 Bb5 23. Rxa1 Bxe2 24. Nxe2 Qc6 25. Nd4 Qd5 26. c4 Qe5 27. Qa4 Red8 28. Ne2 Rd3 29. Ng3 Rad8 30. Rf1 h5 31. Qb4 h4 32. Ne2 Rd1 0-1


[Site "https://www.chess.com"]

[Event "Titled Tuesday Blitz February 22 Early 2022"]
[White "Weishaeutel, Moritz"]
[Black "Pavlidou, Ekaterini"]
[WhiteFideId "12967300"]
[BlackFideId "4213262"]
[WhiteElo "2002"]
[BlackElo "2127"]
[Result "1-0"]
[Round "07"]
[TimeControl "180+1"]
[Date "2022.02.22"]
[WhiteClock "0:00:18"]
[BlackClock "0:00:11"]

1. e4 c5 2. b4 cxb4 3. a3 d5 4. exd5 Nf6 5. axb4 Nxd5 6. b5 Bf5 7. Nf3 e6 8. Be2 Bd6 9. O-O O-O 10. d4 Nf4 11. c4 Nd7 12. c5 Bb8 13. Nc3 Qf6 14. c6 bxc6 15. bxc6 Nb6 16. Nb5 Nbd5 17. Bc4 Qg6 18. Nh4 Qh6 19. g3 Bh3 20. Bxd5 exd5 21. c7 g5 22. cxb8=Q Raxb8 23. Nc3 Kh8 24. Bxf4 gxf4 25. Nxd5 Rg8 26. Ng2 fxg3 27. hxg3 Rbd8 28. Ndf4 Bg4 29. Qe1 Bf3 30. Qe3 Bc6 31. Ra6 Rd6 32. Qe5+ Qf6 33. Qxf6+ Rxf6 34. d5 Rxf4 35. Nxf4 Bb5 36. Rxa7 Bxf1 37. Kxf1 1-0


[Site "https://www.chess.com"]

[Event "Titled Tuesday Blitz February 22 Early 2022"]
[White "Xu, Yuanyuan"]
[Black "Mohammadian, Mohammad"]
[WhiteFideId "8601089"]
[BlackFideId "12566055"]
[WhiteElo "2281"]
[BlackElo "1543"]
[Result "0-1"]
[Round "07"]
[TimeControl "180+1"]
[Date "2022.02.22"]
[WhiteClock "0:00:02"]
[BlackClock "0:00:10"]

1. e4 e5 2. Nf3 Nc6 3. Bc4 Bc5 4. c3 Nf6 5. d4 exd4 6. e5 d5 7. Bb5 Ne4 8. cxd4 Bb4+ 9. Bd2 Bxd2+ 10. Nbxd2 Nxd2 11. Qxd2 Bd7 12. O-O O-O 13. Bd3 Bg4 14. Ng5 g6 15. Qf4 Qd7 16. h3 Bf5 17. Qh4 h5 18. Be2 Kg7 19. g4 Nxd4 20. Bd1 Be4 21. gxh5 Rh8 22. Nxe4 dxe4 23. Qf6+ Kg8 24. hxg6 fxg6 25. Qxg6+ Qg7 26. Qxg7+ Kxg7 27. Bg4 Nf3+ 28. Bxf3 exf3 29. Kh2 Kg6 30. Rad1 Kf5 31. Rfe1 Rag8 32. Rg1 Kxe5 33. Rg3 Ke6 34. Rxf3 Rh7 35. Re1+ Kd6 36. Rd3+ Kc6 37. Rc1+ Kb6 38. Rb3+ Ka6 39. Rc4 b6 40. Ra4+ Kb7 41. Rba3 a5 42. b4 Rhg7 43. bxa5 Rg2+ 44. Kh1 Rg1+ 45. Kh2 R8g2# 0-1


[Site "https://www.chess.com"]

[Event "Titled Tuesday Blitz February 22 Early 2022"]
[White "Yang, Kaiqi"]
[Black "Cramling Bellon, Anna"]
[WhiteFideId "8604398"]
[BlackFideId "32009232"]
[WhiteElo "2373"]
[BlackElo "1905"]
[Result "0-1"]
[Round "07"]
[TimeControl "180+1"]
[Date "2022.02.22"]
[WhiteClock "0:00:02"]
[BlackClock "0:00:03"]

1. c4 c5 2. g3 Nc6 3. Bg2 g6 4. Nc3 Bg7 5. e3 e5 6. Nge2 d6 7. d3 Nge7 8. a3 a5 9. Rb1 O-O 10. O-O Be6 11. Nd5 Rb8 12. Bd2 b5 13. cxb5 Rxb5 14. Nec3 Rb8 15. Nxe7+ Nxe7 16. Qa4 Bb3 17. Qh4 Bc2 18. Rbc1 Bxd3 19. Rfd1 Rxb2 20. e4 c4 21. Bh6 Nc6 22. Qh3 Nd4 23. Bf1 Nf3+ 24. Kg2 Nh4+ 25. Qxh4 Qxh4 26. gxh4 Bxh6 27. Ra1 Be3 28. Bxd3 cxd3 29. Rxd3 Bd4 30. Nd5 Rxf2+ 31. Kg3 Rb2 32. Rc1 Rfb8 33. a4 R8b3 34. Rxb3 Rxb3+ 35. Kg4 h5+ 36. Kg5 Be3+ 37. Kf6 Bxc1 0-1


[Site "https://www.chess.com"]

[Event "Titled Tuesday Blitz February 22 Early 2022"]
[White "Yilmaz, Mustafa"]
[Black "Kobalia, Mikhail"]
[WhiteFideId "6302718"]
[BlackFideId "4119150"]
[WhiteElo "2568"]
[BlackElo "2667"]
[Result "0-1"]
[Round "07"]
[TimeControl "180+1"]
[Date "2022.02.22"]
[WhiteClock "0:00:03"]
[BlackClock "0:00:33"]

1. d4 d5 2. c4 c6 3. cxd5 cxd5 4. Bf4 e6 5. Nc3 Bd6 6. Bxd6 Qxd6 7. e3 Ne7 8. Bd3 Nbc6 9. Nf3 Bd7 10. O-O O-O 11. Rc1 Rfc8 12. Qe2 Be8 13. a3 f6 14. b4 Bg6 15. e4 Bh5 16. exd5 Nxd4 17. Bxh7+ Kxh7 18. Qe4+ Ndf5 19. Nh4 Qe5 20. Qd3 Kg8 21. Nxf5 Qxf5 22. Qg3 Nxd5 23. Nb5 Qg6 24. Qd6 Re8 25. Qd7 Bf3 26. g3 Nf4 27. Rfe1 Rad8 28. Qc7 Nh3+ 29. Kf1 Qd3+ 0-1


[Site "https://www.chess.com"]

[Event "Titled Tuesday Blitz February 22 Early 2022"]
[White "Yuan, Qingyu"]
[Black "Sviridov, Valery"]
[WhiteFideId "8609772"]
[BlackFideId "4120680"]
[WhiteElo "2359"]
[BlackElo "2454"]
[Result "1-0"]
[Round "07"]
[TimeControl "180+1"]
[Date "2022.02.22"]
[WhiteClock "0:00:02"]
[BlackClock "0:00:01"]

1. Nf3 Nf6 2. g3 d5 3. Bg2 c6 4. O-O Bf5 5. c4 e6 6. Qb3 Qb6 7. d3 Nbd7 8. cxd5 exd5 9. Qc2 Be7 10. Nc3 h6 11. e4 dxe4 12. dxe4 Bh7 13. Be3 Qa6 14. Nh4 O-O 15. Rad1 Rfe8 16. Rfe1 Bb4 17. Nf5 Rad8 18. Bf4 Bxf5 19. exf5 Qa5 20. Bd2 Bxc3 21. bxc3 Nb6 22. Be3 Ng4 23. Bf4 Qa4 24. Qb3 Qa5 25. Bc7 Rxd1 26. Rxd1 Qxf5 27. Bf4 g5 28. Be3 Rxe3 29. fxe3 Qf2+ 30. Kh1 Nxe3 31. Rg1 Nxg2 32. Rxg2 Qf1+ 33. Rg1 Qf3+ 34. Rg2 Nd5 35. Kg1 b5 36. Rf2 Qxc3 37. Qxc3 Nxc3 38. Rc2 b4 39. Kf2 a5 40. Ke3 a4 41. Kd4 Kg7 42. Kc4 Nd5 43. Kc5 b3 44. axb3 axb3 45. Rb2 Nc3 46. Kxc6 Kg6 47. Rxb3 Ne4 48. Kd5 Nf6+ 49. Kd4 Ng4 50. Rb2 Nf6 51. Ke5 h5 52. h3 Nd7+ 53. Kd6 Nf6 54. Ke5 Nd7+ 55. Kd5 Nf8 56. Ke4 Ne6 57. Rb6 Kf6 58. Kd5 Kf5 59. Rb7 Kf6 60. Ra7 h4 61. gxh4 gxh4 62. Ra4 Kg5 63. Ke5 Kh5 64. Rg4 Ng5 65. Kf5 Nxh3 66. Rg8 Kh6 67. Rh8+ Kg7 68. Rxh4 Nf2 69. Rd4 Kf8 70. Rd2 1-0


[Site "https://www.chess.com"]

[Event "Titled Tuesday Blitz February 22 Early 2022"]
[White "Zavgorodniy, Sergiy"]
[Black "Rustemov, Alexander"]
[WhiteFideId "14110148"]
[BlackFideId "4119002"]
[WhiteElo "2420"]
[BlackElo "2721"]
[Result "1-0"]
[Round "07"]
[TimeControl "180+1"]
[Date "2022.02.22"]
[WhiteClock "0:00:40"]
[BlackClock "0:00:05"]

1. e4 e6 2. d4 d5 3. Bd3 dxe4 4. Bxe4 Nf6 5. Bf3 c5 6. c3 cxd4 7. cxd4 Nc6 8. Ne2 Be7 9. O-O O-O 10. Nbc3 Qb6 11. Na4 Qa5 12. Bd2 Bb4 13. Be3 Rd8 14. a3 Be7 15. b4 Qb5 16. Rc1 a5 17. Nec3 Qc4 18. Be2 Qxe2 19. Qxe2 axb4 20. axb4 Bxb4 21. Nb6 Ra3 22. Nb5 Ra6 23. Nxc8 Rxc8 24. Ra1 Nd5 25. g3 Rca8 26. Rxa6 bxa6 27. Ra1 a5 28. Qc4 Nce7 29. Bg5 Rc8 30. Qe2 Nf5 31. Rc1 Ra8 32. Nc7 Nxc7 33. Rxc7 a4 34. Qc4 a3 35. Rc8+ Rxc8 36. Qxc8+ Bf8 37. g4 Nd6 38. Qa8 f6 39. Bd2 Nb5 40. Bb4 Kf7 41. Qxf8+ 1-0


[Site "https://www.chess.com"]

[Event "Titled Tuesday Blitz February 22 Early 2022"]
[White "Zemerov, Vladimir"]
[Black "Suarez Uriel, Adrian"]
[WhiteFideId "4111583"]
[BlackFideId "22230874"]
[WhiteElo "2277"]
[BlackElo "2316"]
[Result "1/2-1/2"]
[Round "07"]
[TimeControl "180+1"]
[Date "2022.02.22"]
[WhiteClock "0:01:15"]
[BlackClock "0:00:42"]

1. e4 c5 2. Nf3 Nc6 3. c3 Nf6 4. e5 Nd5 5. d4 cxd4 6. cxd4 d6 7. exd6 Qxd6 8. Nc3 Nxc3 9. bxc3 Bg4 10. Bb5 e6 11. O-O Be7 12. Qd3 O-O 13. Bxc6 bxc6 14. Ne5 Bf5 15. Qf3 c5 16. Bf4 Qa6 17. Nc6 Bf6 18. Bd6 Rfc8 19. Ne7+ Bxe7 20. Bxe7 cxd4 21. cxd4 Rab8 22. Bc5 Rb2 23. a3 h6 24. Rac1 Rcb8 25. h3 Rd2 26. Qf4 Rbb2 27. Bb4 Re2 28. d5 Re4 29. Qb8+ Kh7 30. d6 e5 31. Qc7 Qb5 32. Rcd1 Qd7 33. Qxd7 Bxd7 34. Rfe1 Rxe1+ 35. Rxe1 f6 36. Rc1 a5 37. Bxa5 Rb5 38. Bb4 Rb7 39. Rc7 Rxc7 40. dxc7 g5 41. f3 Kg6 42. Kf2 Kf7 43. Ke3 Ke6 44. Kd3 Kd5 45. Kc3 f5 46. Be7 e4 47. fxe4+ fxe4 48. Bf8 h5 49. Bh6 g4 50. hxg4 hxg4 51. Bf4 Bc8 52. a4 Kc5 53. Be3+ Kd5 54. Kb4 Kc6 55. Bf4 e3 56. Kc3 e2 57. Kd2 Ba6 58. g3 Kd7 59. Ke1 Bc4 60. a5 Kc8 61. Kd2 Kb7 62. Be5 Ba6 63. Ke1 Bb5 64. Kd2 Kc8 65. Ke1 Kd7 66. Kd2 Ba6 67. Ke1 Bb5 68. Kd2 Ba6 69. Ke1 Bb5 1/2-1/2


[Site "https://www.chess.com"]

[Event "Titled Tuesday Blitz February 22 Early 2022"]
[White "Aaditya Dhingra"]
[Black "Martinez, Shawn"]
[WhiteFideId "25678191"]
[BlackFideId "2039770"]
[WhiteElo "1789"]
[BlackElo "2174"]
[Result "1-0"]
[Round "08"]
[TimeControl "180+1"]
[Date "2022.02.22"]
[WhiteClock "0:00:15"]
[BlackClock "0:00:19"]

1. Nf3 Nf6 2. c4 g6 3. b3 Bg7 4. Bb2 O-O 5. g3 d6 6. Bg2 Nc6 7. O-O e5 8. d4 e4 9. Nfd2 Re8 10. d5 Nb4 11. a3 Na6 12. e3 Nc5 13. Ra2 h5 14. Nc3 Bf5 15. Ne2 Nd3 16. Bd4 Qd7 17. Nf4 Ne5 18. Rc2 Bg4 19. f3 exf3 20. Nxf3 Ne4 21. Qa1 Nxf3+ 22. Bxf3 Bxd4 23. Qxd4 Ng5 24. Bg2 Re5 25. Nd3 Re7 26. h4 Nh7 27. Rcf2 Rae8 28. e4 f5 29. Nf4 Nf8 30. exf5 Bxf5 31. Nxh5 gxh5 32. Rxf5 Rg7 33. Qf4 Qe7 34. Rxh5 Qe3+ 35. Kh2 Qxf4 36. Rxf4 Re3 37. Rhf5 Rexg3 38. Rxf8+ Kh7 39. Be4+ Kh6 40. Rh8+ 1-0


[Site "https://www.chess.com"]

[Event "Titled Tuesday Blitz February 22 Early 2022"]
[White "Abdisalimov, Abdimalik"]
[Black "Safarli, Eltaj"]
[WhiteFideId "14206323"]
[BlackFideId "13402129"]
[WhiteElo "2401"]
[BlackElo "2634"]
[Result "1-0"]
[Round "08"]
[TimeControl "180+1"]
[Date "2022.02.22"]
[WhiteClock "0:00:05"]
[BlackClock "0:00:03"]

1. d4 Nf6 2. c4 e6 3. Nc3 Bb4 4. e3 O-O 5. Bd3 d5 6. Nf3 b6 7. cxd5 exd5 8. O-O Ba6 9. Bxa6 Nxa6 10. Qa4 Qc8 11. Bd2 Re8 12. Rac1 Qb7 13. Rfd1 Bf8 14. Ne2 c5 15. dxc5 Nxc5 16. Qc2 Rac8 17. Qb1 Nce4 18. Be1 Bc5 19. Nf4 Rcd8 20. Rd3 Bd6 21. Ne2 Ng4 22. Rcd1 h5 23. h3 Ngf6 24. Nc3 Be7 25. a3 Nc5 26. Rd4 Ne6 27. R4d2 Ne4 28. Rxd5 Nxc3 29. Rxd8 Ne2+ 30. Kf1 Bxd8 31. Kxe2 Qa6+ 32. Kd2 Bf6 33. Qd3 Qa4 34. Qc2 Qb5 35. Kc1 Nc5 36. Kb1 Nb3 37. Qd3 Qa4 38. Qd7 Qe4+ 39. Qd3 Qe6 40. Bc3 Bxc3 41. Qxc3 Rc8 42. Qd3 g6 43. Nd4 Nxd4 44. exd4 Qd5 45. g4 h4 46. f4 b5 47. f5 gxf5 48. gxf5 Kf8 49. f6 Rc6 50. Rf1 Re6 51. Qc2 Qe4 52. Qxe4 Rxe4 53. Rd1 Ke8 54. d5 Kd7 55. d6 Re3 56. Rd5 Rxh3 57. Rxb5 Kxd6 58. Rb7 Ke6 59. Rxa7 Rg3 60. a4 Rg8 61. Ra6+ Kf5 62. Ra5+ Kg4 63. Rc5 h3 64. Rc4+ Kf3 65. Rc3+ Kg2 66. b4 h2 67. Rc2+ Kh3 68. Rxh2+ Kxh2 69. Kc2 Rg6 70. b5 Rxf6 71. Kc3 Re6 72. a5 f5 73. b6 f4 74. b7 Re8 75. a6 Rb8 76. a7 Rxb7 77. a8=Q Rg7 78. Qh8+ Kg3 79. Qxg7+ Kf2 80. Kd3 f3 81. Qg4 Ke1 82. Ke3 f2 83. Qe2# 1-0


[Site "https://www.chess.com"]

[Event "Titled Tuesday Blitz February 22 Early 2022"]
[White "Abramov, Alexander"]
[Black "Dew, Brian"]
[WhiteFideId "4174089"]
[BlackFideId "6000495"]
[WhiteElo "2094"]
[BlackElo "2118"]
[Result "0-1"]
[Round "08"]
[TimeControl "180+1"]
[Date "2022.02.22"]
[WhiteClock "0:00:01"]
[BlackClock "0:00:03"]

1. e4 e5 2. Nf3 Nc6 3. Bb5 Nge7 4. d4 exd4 5. Nxd4 g6 6. Nc3 Bg7 7. Be3 O-O 8. Qd2 Re8 9. O-O-O d6 10. h4 h5 11. f3 a6 12. Bc4 Ne5 13. Bb3 c5 14. Nde2 c4 15. f4 cxb3 16. fxe5 bxa2 17. Nxa2 Bxe5 18. Bd4 Nc6 19. Bc3 Bg4 20. Kb1 a5 21. Qe3 Qf6 22. Rdf1 Qg7 23. Nec1 b5 24. Qb6 Bxc3 25. Nxc3 Nd4 26. Nd5 b4 27. Nc7 Rab8 28. Qxd6 Red8 29. Qc5 Ne6 30. Nxe6 Bxe6 31. Nd3 b3 32. c3 Rxd3 33. Re1 Rd2 0-1


[Site "https://www.chess.com"]

[Event "Titled Tuesday Blitz February 22 Early 2022"]
[White "Aradhya, Garg"]
[Black "Kamsky, Gata"]
[WhiteFideId "25006746"]
[BlackFideId "2000024"]
[WhiteElo "2169"]
[BlackElo "2645"]
[Result "0-1"]
[Round "08"]
[TimeControl "180+1"]
[Date "2022.02.22"]
[WhiteClock "0:00:12"]
[BlackClock "0:01:07"]

1. d4 d5 2. c4 c6 3. Nc3 Nf6 4. Nf3 a6 5. e3 Bf5 6. Qb3 Ra7 7. Nh4 Bc8 8. Qc2 b5 9. b3 e6 10. Nf3 Nbd7 11. c5 a5 12. Bb2 Be7 13. Be2 O-O 14. O-O b4 15. Na4 Ba6 16. Rfc1 Bxe2 17. Qxe2 Qb8 18. Ne1 e5 19. dxe5 Nxe5 20. Bxe5 Qxe5 21. Nf3 Qc7 22. Rc2 Re8 23. Rd1 Bf8 24. Qd3 g6 25. Qd4 Ne4 26. Nd2 Bg7 27. Qd3 f5 28. Nxe4 fxe4 29. Qe2 h5 30. Rf1 Qe5 31. Nb6 Kh7 32. f4 exf3 33. Rxf3 Bh6 34. Kf2 Rae7 35. Qd3 Bxe3+ 36. Kf1 Qxh2 37. Rxe3 Rxe3 38. Qd4 Rf8+ 39. Rf2 Qh1# 0-1


[Site "https://www.chess.com"]

[Event "Titled Tuesday Blitz February 22 Early 2022"]
[White "Baker, Chris W"]
[Black "Sadykov, Ramil"]
[WhiteFideId "401676"]
[BlackFideId "24113590"]
[WhiteElo "2213"]
[BlackElo "2300"]
[Result "0-1"]
[Round "08"]
[TimeControl "180+1"]
[Date "2022.02.22"]
[WhiteClock "0:00:38"]
[BlackClock "0:00:13"]

1. c4 e6 2. Nf3 d5 3. g3 Nf6 4. Bg2 Be7 5. O-O O-O 6. b3 c5 7. cxd5 Nxd5 8. Bb2 Nc6 9. Nc3 Nxc3 10. Bxc3 Bf6 11. Bxf6 Qxf6 12. Qc2 b6 13. d4 Nb4 14. Qd2 Rd8 15. Ne5 Rxd4 16. Qb2 Rb8 17. f4 Bb7 18. a3 Bxg2 19. Kxg2 Nd5 20. Nd7 Ne3+ 21. Kg1 Rxd7 0-1


[Site "https://www.chess.com"]

[Event "Titled Tuesday Blitz February 22 Early 2022"]
[White "Barbashin, Igor"]
[Black "Escudero Donoso, Felipe"]
[WhiteFideId "4155718"]
[BlackFideId "3410595"]
[WhiteElo "2138"]
[BlackElo "2184"]
[Result "0-1"]
[Round "08"]
[TimeControl "180+1"]
[Date "2022.02.22"]
[WhiteClock "0:00:01"]
[BlackClock "0:00:13"]

1. d4 Nf6 2. c4 e6 3. Nc3 d5 4. Nf3 c6 5. g3 dxc4 6. a4 c5 7. Bg2 Nc6 8. e3 cxd4 9. exd4 Bb4 10. O-O Nd5 11. Qc2 Be7 12. Ne4 Na5 13. Bd2 Nb3 14. Rad1 Nxd2 15. Nfxd2 O-O 16. Nxc4 Bd7 17. b3 Rc8 18. Qb2 Bc6 19. Ne5 Nb4 20. Rfe1 Bd5 21. Re3 Rc2 22. Qb1 Qc7 23. Nd3 Nxd3 24. Rexd3 Rc8 25. Nc5 Bxg2 26. Kxg2 Re2 27. Kg1 b6 28. Na6 Qb7 29. d5 Qxa6 30. d6 Bd8 31. d7 Rcc2 32. Rf3 Qb7 33. Rf4 Qc6 0-1


[Site "https://www.chess.com"]

[Event "Titled Tuesday Blitz February 22 Early 2022"]
[White "Barp, Alberto"]
[Black "Srihari L R"]
[WhiteFideId "872555"]
[BlackFideId "46617116"]
[WhiteElo "2578"]
[BlackElo "2779"]
[Result "0-1"]
[Round "08"]
[TimeControl "180+1"]
[Date "2022.02.22"]
[WhiteClock "0:00:02"]
[BlackClock "0:00:22"]

1. d4 d6 2. Bg5 Nd7 3. Nd2 Ngf6 4. c3 e5 5. e3 Be7 6. Bd3 O-O 7. Qc2 h6 8. Bh4 Re8 9. Ne2 c6 10. O-O d5 11. Bf5 e4 12. f3 exf3 13. gxf3 Nh5 14. Bf2 Bh4 15. e4 Bxf2+ 16. Rxf2 Nf8 17. Bxc8 Rxc8 18. e5 Qg5+ 19. Kh1 Ne6 20. f4 Nhxf4 21. Nxf4 Nxf4 22. Rg1 Qh4 23. Nf3 Qh5 24. Qd2 Nh3 25. Rg3 Nxf2+ 26. Qxf2 Re6 27. Nh4 Kh8 28. Rf3 Rf8 29. Rf5 Qd1+ 30. Kg2 Qg4+ 31. Kh1 Kg8 32. Rf4 Qd1+ 33. Kg2 g5 34. Qg3 Kh8 0-1


[Site "https://www.chess.com"]

[Event "Titled Tuesday Blitz February 22 Early 2022"]
[White "Barrientos, Sergio E"]
[Black "Do Nascimento,Christian Almeida"]
[WhiteFideId "4401824"]
[BlackFideId "2143801"]
[WhiteElo "2441"]
[BlackElo "2108"]
[Result "1-0"]
[Round "08"]
[TimeControl "180+1"]
[Date "2022.02.22"]
[WhiteClock "0:00:20"]
[BlackClock "0:00:01"]

1. d4 c5 2. e4 cxd4 3. Nf3 Nc6 4. Nxd4 g6 5. Nc3 Bg7 6. Be3 Nf6 7. Bc4 O-O 8. Bb3 Qa5 9. O-O d6 10. h3 Bd7 11. Re1 Rac8 12. Nf3 a6 13. Nd5 Nxd5 14. exd5 Ne5 15. Nxe5 Bxe5 16. Bd4 Qc7 17. c3 Rfe8 18. Qf3 Bg7 19. Re3 Bxd4 20. cxd4 Bb5 21. Rae1 Qd7 22. h4 Bc4 23. h5 Bxb3 24. axb3 Rc2 25. h6 Kf8 26. Qf4 Rxb2 27. Rf3 f6 28. Re6 Qd8 29. g4 Kg8 30. Rfe3 Rc2 31. Qxf6 exf6 32. Rxe8+ Qxe8 33. Rxe8+ Kf7 34. Rh8 g5 35. Rxh7+ Kg6 36. Rxb7 Kxh6 37. Rb6 Rd2 38. Rxd6 Kg6 39. Rxa6 Rxd4 40. d6 Rf4 41. Kf1 Rxg4 42. Rb6 Rd4 43. Ke2 Kf5 44. Ke3 Rd1 45. b4 Ke5 46. d7 Rxd7 47. Rb5+ Rd5 48. Rb8 f5 49. b5 Rc5 50. Kd3 Rd5+ 51. Kc4 Rd1 52. b6 Kf4 53. Re8 Rb1 54. Kc5 Kf3 55. Re5 Kf4 56. Rd5 Ke4 57. Rd4+ Kf3 58. Rb4 Rc1+ 59. Kd6 Rc8 60. Ke5 Rf8 61. b7 f4 62. b8=Q Rxb8 63. Rxb8 Kxf2 64. Ke4 Kg3 65. Rb3+ Kg2 66. Ra3 Kf2 67. Kf5 f3 68. Kg4 Kg2 69. Rxf3 1-0


[Site "https://www.chess.com"]

[Event "Titled Tuesday Blitz February 22 Early 2022"]
[White "Batsiashvili, Nino"]
[Black "Gabdrakhmanov, Azat"]
[WhiteFideId "13602993"]
[BlackFideId "34189197"]
[WhiteElo "2230"]
[BlackElo "2279"]
[Result "0-1"]
[Round "08"]
[TimeControl "180+1"]
[Date "2022.02.22"]
[WhiteClock "0:00:16"]
[BlackClock "0:00:37"]

1. d4 Nf6 2. c4 g6 3. Nc3 Bg7 4. e4 O-O 5. h3 d6 6. Be3 e5 7. d5 a5 8. g4 Na6 9. f3 c6 10. h4 cxd5 11. cxd5 Bd7 12. h5 Qb8 13. Nge2 b5 14. Ng3 b4 15. Nce2 Bb5 16. h6 Bh8 17. Nf5 Re8 18. Ng7 Rc8 19. Kf2 Nc5 20. Ng3 Bxf1 21. Qxf1 Na4 22. Qe2 b3 23. Rhc1 Rxc1 24. Bxc1 Nc5 25. Be3 bxa2 26. Rxa2 Qb3 27. Ra3 Qb4 28. g5 Nfd7 29. Qd2 Qxd2+ 30. Bxd2 Bxg7 31. hxg7 a4 32. b4 Nb3 33. Be3 Kxg7 34. Ne2 f5 35. gxf6+ Nxf6 36. Nc3 Rc8 37. Nxa4 Rc2+ 38. Ke1 Nd4 39. Bxd4 exd4 40. Rd3 Nd7 41. Rxd4 Ne5 42. Kd1 Ra2 43. Nc3 Ra1+ 44. Kc2 Nxf3 45. Rd3 Ne5 46. Rh3 g5 47. Nb5 g4 48. Rg3 Ra6 49. Nc7 Ra2+ 50. Kb3 Ra1 51. b5 Rb1+ 52. Kc2 Rb4 53. Kc3 Rc4+ 54. Kb3 Rxc7 55. Rc3 Rxc3+ 56. Kxc3 g3 57. b6 g2 58. b7 Nd7 59. b8=Q Nxb8 0-1


[Site "https://www.chess.com"]

[Event "Titled Tuesday Blitz February 22 Early 2022"]
[White "Bazarov, Konstantin"]
[Black "Matveeva, Olga"]
[WhiteFideId "4137000"]
[BlackFideId "24107018"]
[WhiteElo "2079"]
[BlackElo "2083"]
[Result "1-0"]
[Round "08"]
[TimeControl "180+1"]
[Date "2022.02.22"]
[WhiteClock "0:00:37"]
[BlackClock "0:00:14"]

1. d3 e6 2. c3 d5 3. Nd2 Nf6 4. e4 c5 5. Be2 Be7 6. Ngf3 O-O 7. O-O Nc6 8. Re1 b5 9. a4 b4 10. Qc2 a5 11. e5 Nd7 12. d4 Ba6 13. Bxa6 Rxa6 14. Nf1 Qb6 15. Be3 cxd4 16. cxd4 Rc8 17. Rec1 Raa8 18. Qd3 h6 19. N1d2 Qb7 20. Nb3 Nb6 21. Qb5 Rc7 22. Nfd2 Rac8 23. g3 Nd7 24. Qxb7 Rxb7 25. Nxa5 Rbc7 26. Nab3 Na7 27. Rxc7 Rxc7 28. Kf1 Kf8 29. Ke2 Nb6 30. Nc5 Bxc5 31. dxc5 Nc4 32. Nxc4 dxc4 33. Rc1 Nc6 34. Rxc4 Nxe5 35. Rxb4 Ke7 36. f4 Nc6 37. Rb5 Ra7 38. b3 Rd7 39. a5 Ra7 40. b4 Rd7 41. Rb6 Na7 42. b5 1-0


[Site "https://www.chess.com"]

[Event "Titled Tuesday Blitz February 22 Early 2022"]
[White "Begunov, Konstantin"]
[Black "Osiecki, Stanislaw"]
[WhiteFideId "4118510"]
[BlackFideId "1102990"]
[WhiteElo "2262"]
[BlackElo "2127"]
[Result "1-0"]
[Round "08"]
[TimeControl "180+1"]
[Date "2022.02.22"]
[WhiteClock "0:01:44"]
[BlackClock "0:00:50"]

1. d4 Nf6 2. c4 g6 3. f3 Bg7 4. e4 d6 5. Nc3 O-O 6. Be3 e5 7. Nge2 Ne8 8. Qd2 Nc6 9. O-O-O Bd7 10. Kb1 a6 11. d5 Ne7 12. Nc1 Rb8 13. b4 f5 14. Nb3 f4 15. Bf2 b6 16. Ka1 g5 17. h3 Nf6 18. c5 bxc5 19. bxc5 dxc5 20. Bxa6 Ra8 21. Nxc5 Ne8 22. Rb1 Nd6 23. Rb4 Bc8 24. Bxc8 Qxc8 25. Rhb1 h5 26. Nb5 Ng6 27. Ne6 Rf7 28. Qc3 Qa6 29. R1b2 Rb8 30. Nbxc7 Rxb4 31. Nxa6 Rxb2 32. Kxb2 Rb7+ 33. Ka1 Nb5 34. Qc8+ 1-0


[Site "https://www.chess.com"]

[Event "Titled Tuesday Blitz February 22 Early 2022"]
[White "Berdychevskaya, Natasha"]
[Black "Bodnar, Nikolay"]
[WhiteFideId "4159322"]
[BlackFideId "14106469"]
[WhiteElo "1780"]
[BlackElo "2296"]
[Result "0-1"]
[Round "08"]
[TimeControl "180+1"]
[Date "2022.02.22"]
[WhiteClock "0:00:13"]
[BlackClock "0:00:17"]

1. d4 Nf6 2. Bf4 e6 3. e3 d5 4. Nf3 Bd6 5. Bg3 O-O 6. Bd3 c5 7. c3 Qc7 8. Nbd2 Nbd7 9. O-O e5 10. dxe5 Nxe5 11. Nxe5 Bxe5 12. Nf3 Bxg3 13. hxg3 b6 14. Qc2 Bb7 15. Rad1 Rad8 16. Rfe1 Rfe8 17. c4 dxc4 18. Bxc4 Be4 19. Qb3 Bg6 20. Bb5 Rxd1 21. Rxd1 Rd8 22. Rxd8+ Qxd8 23. Ne5 Ne4 24. Bd3 Qf6 25. f4 Nxg3 26. Qd5 Qe7 27. e4 Nh5 28. Qa8+ Qf8 29. Qxf8+ Kxf8 30. Nxg6+ hxg6 31. f5 gxf5 32. exf5 Ke7 33. Kf2 Nf4 34. Be4 Kd6 35. g3 Nh5 36. Kf3 Ke5 37. g4 Nf6 38. Bc6 Kd6 39. Bb7 Nd7 40. Kf4 f6 41. a3 Ne5 42. Be4 c4 43. g5 Nd3+ 44. Bxd3 cxd3 45. gxf6 gxf6 46. Ke3 Ke5 47. Kxd3 Kxf5 48. Ke3 Ke5 0-1


[Site "https://www.chess.com"]